 Dungeon Crawl Stone Soup version 0.23-a0-175-g97aacdb306 (webtiles) character file.

36 ICC the Magician (level 3, -2/16 HPs)
             Began as a Spriggan Earth Elementalist on Sept 16, 2018.
             Slain by a worker ant (6 damage)
             ... on level 3 of the Dungeon.
             The game lasted 00:07:13 (1001 turns).

ICC the Magician (Spriggan Earth Elementalist)      Turns: 1001, Time: 00:07:13

Health: -2/16      AC:  2    Str:  4    XL:     3   Next: 19%
Magic:  7/9        EV: 18    Int: 17    God:
Gold:   86         SH:  0    Dex: 16    Spells: 7/10 levels left

rFire    . . .     SeeInvis +   a - +0 short sword
rCold    . . .     Gourm    .   (shield restricted)
rNeg     . . .     Faith    .   c - +0 robe
rPois    .         Spirit   .   (helmet restricted)
rElec    .         Reflect  .   (no cloak)
rCorr    .         Harm     .   (gloves unavailable)
MR       .....                  (boots unavailable)
Stlth    ++........             (no amulet)
HPRegen  0.05/turn              (no ring)
MPRegen  0.11/turn              (no ring)

@: lethally poisoned (-2 -> -5), very quick
A: very small, unfitting armour, see invisible, herbivore, speed 3, slow
metabolism 2
a: no special abilities


You were on level 3 of the Dungeon.
You were not hungry.

You visited 1 branch of the dungeon, and saw 4 of its levels.

You collected 86 gold pieces.

Inventory:

Hand Weapons
 a - a +0 short sword (weapon)
 w - a +0 hand axe
Missiles
 b - 62 stones (quivered)
Armour
 c - a +0 robe (worn)
Scrolls
 f - a scroll of identify {unknown}
 h - a scroll of magic mapping {unknown}
Potions
 e - a potion of cancellation {unknown}
 g - a potion of berserk rage {unknown}
Comestibles
 d - 2 rations


   Skills:
 - Level 3.0 Dodging
 - Level 3.0 Stealth
 + Level 4.3 Spellcasting
 - Level 1.3 Transmutations
 - Level 3.0 Earth Magic


You had 7 spell levels left.
You knew the following spells:

 Your Spells              Type           Power        Failure   Level  Hunger
a - Sandblast             Erth           ##....       4%          1    None
b - Passwall              Tmut/Erth      ##......     10%         2    ##.....

Your spell library contained the following spells:

 Spells                   Type           Power        Failure   Level  Hunger
 Stone Arrow              Conj/Erth      #.....       24%         3    ###....
 Petrify                  Tmut/Erth      ##......     52%         4    ####...
 Lee's Rapid Deconstruct  Erth           ##........   77%         5    ######.


Dungeon Overview and Level Annotations

Branches:
Dungeon (4/15)
 Temple: D:4-7

Altars:
Ru


Innate Abilities, Weirdness & Mutations

You are very small and have problems with some larger weapons.
You are too small for most types of armour.
You have supernaturally acute eyesight. (SInv)
You are a herbivore.
You cover ground extremely quickly.
You need to consume almost no food.


Message History

There is a stone staircase leading down here.
Casting: Sandblast (safe; 4% risk of failure)
Confirm with . or Enter, or press ? or * to list all spells.
Aiming: Sandblast (safe; 4% risk of failure)
Press: ? - help, Shift-Dir - straight line, f - worker ant
Aim: a worker ant The blast of sand hits the worker ant.
The worker ant is heavily wounded.
b - 63 stones
* * * LOW HITPOINT WARNING * * *
You feel sick. The worker ant closely misses you.
Casting: Sandblast (safe; 4% risk of failure)
Confirm with . or Enter, or press ? or * to list all spells.
Aiming: Sandblast (safe; 4% risk of failure)
Press: ? - help, Shift-Dir - straight line, f/p - worker ant
Aim: a worker ant (heavily wounded)
The blast of sand misses the worker ant.
b - 62 stones The worker ant bites you.
You die... #.##########.# #....a@.$....# ##############

You could see a worker ant.

Vanquished Creatures
  2 dart slugs (D:1)
  An orc (D:4)
  3 bats (D:1)
  5 giant cockroaches
  4 goblins (D:1)
  A hobgoblin (D:1)
  4 kobolds (D:1)
  A frilled lizard (D:1)
  10 rats
31 creatures vanquished.

Notes
Turn   | Place    | Note
-------+----------+-------------------------------------------
     0 | D:1      | ICC the Spriggan Earth Elementalist began the quest for the
                  | Orb.
     0 | D:1      | Reached XP level 1. HP: 9/9 MP: 5/5
   154 | D:1      | Reached skill level 3 in Spellcasting
   165 | D:1      | Reached XP level 2. HP: 8/13 MP: 7/7
   172 | D:1      | Learned a level 2 spell: Passwall
   356 | D:1      | Reached skill level 4 in Spellcasting
   389 | D:1      | Reached XP level 3. HP: 6/16 MP: 7/9
   500 | D:1      | Found a sacrificial altar of Ru.
   980 | D:2      | You fall through a shaft for 2 floors!
   981 | D:4      | Noticed a phantom
   989 | D:4      | Noticed an ogre
  1001 | D:3      | Slain by a worker ant

Vault maps used:
D:1:      onia_arrival_mini_maze, serial_bayou_pond_a, kennysheep_flooded_box
D:3:      old_standard_altar
D:4:      nicolae_overflow_hidden_temple, first_ration, uniq_pikel

Skill      XL: |  1  2 |
---------------+-------+-----
Earth Magic    | 3 |  3.0
Spellcasting   | 3 4 |  4.3
Dodging        | |  3.0
Stealth        | |  3.0
Transmutations | |  1.3

Action                   || total
-------------------------++-------
Melee: Club              ||    45
       Unarmed           ||    13
       Hand axe          ||    23
       Short sword       ||    25
Throw: Stone             ||     3
 Cast: Sandblast         ||    12
 Stab: Sleeping          ||     6
Armor: Robe              ||    19
Dodge: Dodged            ||   103

Table legend:
 A = Non-vault XP
 B = Vault XP
 C = Vault XP percentage of total XP
 D = Non-vault monster count
 E = Vault monster count
 F = Vault count percentage of total count
                 A         B        C        D         E       F
            +---------+---------+-------+---------+---------+-------
      Total |      50 |       2 |   3.8 |      29 |       2 |   6.5
            +---------+---------+-------+---------+---------+-------
        D:1 |      44 |       2 |   4.3 |      26 |       2 |   7.1
        D:2 |       3 |       0 |   0.0 |       2 |       0 |   0.0
        D:4 |       3 |       0 |   0.0 |       1 |       0 |   0.0
            +---------+---------+-------+---------+---------+-------
